Map: Prion Terraces

Players

Snute

  • Race: Zerg Zerg

Hydra - Winner!

  • Race: Zerg Zerg

Event: 2016 WCS Winter Circuit Championship

VOD

Have the link to the VOD?

Description

Time

  • Played on: March 5, 2016, 6:58 a.m.
  • Length: 10:20

All games in this series

Show
View Real Time Build Order
Export as new Build Order

Snute Zerg 

Build Orders: Hatch First 

Get SALT Encoding   

  12  0:00  Drone  
  13  0:12  Overlord  
  13  0:17  Drone  
  14  0:30  Drone x2  
  14  0:35  Drone  
  17  0:51  Hatchery  
  17  0:54  Drone  
  17  1:08  Spawning Pool  
  17  1:11  Drone  
  17  1:15  Drone  
  17  1:17  Extractor  
  17  1:20  Drone  
  18  1:28  Drone  
  19  1:39  Overlord  
  19  1:49  Drone  
  20  1:55  Queen  
  20  2:00  Drone  
  23  2:03  Queen  
  23  2:05  Zergling x2  
  26  2:11  Drone  
  26  2:14  Drone  
  28  2:22  Drone  
  29  2:23  Metabolic Boost  
  29  2:25  Drone  
  30  2:32  Extractor  
  30  2:34  Roach Warren, Drone  
  30  2:35  Drone  
  30  2:42  Queen  
  32  2:47  Overlord  
  32  2:49  Drone  
  32  3:14  Hatchery  
  32  3:15  Roach x4  
  39  3:22  Overlord  
  39  3:24  Overlord  
  39  3:41  Roach x2  
  39  3:43  Roach  
  39  3:44  Roach x2  
  39  3:46  Overlord  
  49  3:56  Roach  
  51  4:07  Roach x3  
  51  4:08  Roach  
  59  4:10  Overlord  
  59  4:15  Overlord  
  59  4:30  Zergling x8  
  59  4:31  Zergling x2  
  64  4:33  Ravager x2  
  64  4:35  Ravager  
  64  4:37  Zergling x2  
  68  4:42  Zergling x4  
  68  4:43  Zergling x2  
  68  4:44  Ravager  
  72  4:47  Overlord  
  72  4:49  Zergling x2  
  73  4:57  Overlord  
  73  5:09  Drone x7  
  80  5:25  Roach  
  80  5:26  Roach x4  
  88  5:32  Overlord  
  88  5:41  Overlord  
  88  5:42  Zergling x2  
  87  5:54  Roach x5  
  97  5:58  Extractor  
  97  6:00  Roach x4  
  104  6:06  Overlord  
  104  6:13  Lair  
  104  6:14  Overlord  
  103  6:35  Roach  
  103  6:36  Roach x6  
  117  6:41  Drone x5  
  117  6:43  Extractor  
  117  6:44  Overlord  
  117  6:45  Overlord  
  121  6:47  Extractor  
  120  6:57  Overlord  
  120  6:58  Roach  
  121  7:08  Roach x7  
  132  7:09  Roach  
  132  7:14  Glial Reconstitution  
  134  7:19  Roach x2  
  138  7:27  Roach x2  
  142  7:32  Roach x2  
  142  7:34  Overlord  
  146  7:41  Overlord  
  146  7:46  Overlord  
  146  7:53  Extractor  
  146  7:54  Roach x2  
  146  7:56  Ravager  
  146  7:58  Ravager  
  150  8:04  Roach x2  
  154  8:08  Overlord  
  154  8:10  Ravager x4  
  158  8:14  Roach  
  158  8:18  Roach  
  162  8:22  Roach  
  162  8:24  Roach  
  166  8:30  Roach  
  166  8:31  Ravager  
  166  8:32  Ravager x2  
  166  8:44  Roach x3  
  172  8:50  Overlord  
  172  8:56  Ravager x4  
  172  8:58  Roach  
  178  9:07  Overlord  
  174  9:17  Roach x3  
  174  9:18  Roach  
  174  9:19  Ravager  
  174  9:20  Ravager  
  174  9:21  Ravager  
  174  9:23  Ravager  
  186  9:29  Roach  
  182  9:39  Roach, Ravager  
  182  9:40  Roach x2  
Show
View Real Time Build Order
Export as new Build Order

Hydra Zerg - Winner!

Build Orders: Hatch First 

Get SALT Encoding   

  12  0:00  Drone  
  13  0:08  Drone  
  14  0:32  Hatchery  
  13  0:36  Drone  
  14  0:44  Overlord  
  14  0:50  Extractor  
  14  0:51  Drone  
  15  1:02  Drone  
  15  1:03  Drone  
  17  1:11  Spawning Pool  
  17  1:14  Drone  
  17  1:19  Drone  
  18  1:28  Extractor  
  18  1:30  Drone  
  18  1:41  Drone  
  18  1:44  Drone  
  20  1:52  Drone  
  21  1:55  Drone  
  21  1:57  Queen x2  
  26  2:02  Overlord  
  26  2:06  Drone  
  27  2:13  Drone  
  28  2:22  Drone  
  29  2:24  Drone  
  31  2:30  Drone  
  31  2:33  Queen x2  
  35  2:38  Overlord  
  35  2:40  Drone  
  36  2:56  Overlord  
  36  2:57  Drone  
  36  2:58  Drone  
  38  3:00  Drone  
  38  3:04  Roach Warren  
  38  3:05  Drone  
  38  3:06  Drone  
  38  3:10  Drone  
  38  3:11  Drone  
  38  3:12  Lair  
  42  3:13  Drone  
  42  3:14  Extractor  
  42  3:16  Extractor  
  42  3:18  Overlord  
  41  3:24  Drone  
  41  3:26  Evolution Chamber  
  41  3:29  Drone  
  41  3:31  Drone  
  43  3:43  Drone x4  
  43  3:45  Roach x3  
  53  3:56  Roach x2  
  53  3:58  Zerg Missile Weapons Level 1  
  53  4:01  Hatchery  
  56  4:10  Overlord  
  56  4:11  Glial Reconstitution  
  56  4:14  Overseer  
  56  4:18  Roach x2  
  56  4:19  Overlord x2  
  56  4:21  Overlord  
  60  4:29  Roach x3  
  66  4:36  Roach  
  66  4:37  Roach  
  70  4:42  Roach x2  
  74  4:52  Overlord  
  74  4:54  Roach x5  
  74  4:59  Overlord  
  84  5:04  Roach  
  80  5:23  Roach x6  
  80  5:24  Roach  
  80  5:26  Roach  
  80  5:27  Roach x3  
  98  5:34  Roach  
  100  5:46  Hatchery  
  97  5:51  Roach  
  97  5:54  Overlord  
  97  5:55  Zerg Missile Weapons Level 2  
  99  5:58  Evolution Chamber  
  99  6:02  Drone x2  
  99  6:03  Overlord  
  100  6:08  Overlord  
  100  6:14  Drone  
  100  6:16  Extractor, Roach x4  
  108  6:19  Overlord  
  108  6:24  Ravager  
  108  6:25  Ravager  
  110  6:27  Roach  
  112  6:35  Drone x2  
  112  6:36  Overlord x2  
  112  6:38  Roach x2  
  118  6:42  Roach  
  120  6:47  Overlord  
  120  6:55  Roach x2  
  124  7:02  Roach x2  
  128  7:12  Zerg Ground Armor Level 1  
  128  7:14  Drone x2  
  128  7:15  Extractor  
  129  7:17  Roach  
  129  7:21  Ravager x2  
  129  7:22  Ravager  
  134  7:23  Roach  
  134  7:27  Drone  
  137  7:30  Roach x2  
  137  7:33  Overlord  
  141  7:40  Roach x2  
  141  7:42  Overseer  
  145  7:45  Ravager  
  145  7:46  Overlord  
  145  7:47  Overlord  
  146  7:52  Roach  
  146  7:53  Roach  
  150  7:59  Roach  
  150  8:00  Roach  
  154  8:06  Roach x3  
  154  8:12  Ravager x2  
  162  8:15  Overlord x2  
  162  8:18  Roach  
  164  8:25  Roach x3  
  170  8:36  Roach x4  
  170  8:40  Ravager x3  
  181  8:44  Overlord  
  181  8:45  Overlord  
  181  8:47  Roach  
  183  9:06  Hatchery  
  182  9:14  Roach  
  182  9:15  Roach x5  
  188  9:23  Overlord  
  188  9:24  Overlord  
  188  9:30  Roach  
  188  9:31  Roach  
  188  9:44  Roach x6  
  184  9:59  Roach x5  
Tags
 
Add a new tag
Caveats
  • Supply blocks, unpowered buildings, or Contaminate may cause inaccurate times.
  • Supply counts are checked every 10 seconds.